ITL
PORTLAND PRIVATEERS @ MEMPHIS REDBIRDS
09/17/2030
 
TOP OF THE 1ST
Portland Privateers batting - Pitching for Memphis Redbirds : RHP Ray Johnston
Pitching: RHP Ray Johnston
Batting: RHB Carlos Castro 0-0: Ground out U3 (Groundball, 34)
Batting: LHB Yasuhiko Onodera 0-0: Ball
1-0: DOUBLE (Line Drive, 7D)
Batting: SHB Jacob Knapp 0-0: Ball
1-0: Ground out 4-3 (Groundball, 4D)
Yasuhiko Onodera to third
Batting: RHB José Balina 0-0: Ball
1-0: Swinging Strike
1-1: Called Strike
1-2: Foul Ball, location: 2F
1-2: Ball
2-2: Strikes out swinging, 2-3 out at first.
Top of the 1st over - 0 runs, 1 hit, 0 errors, 1 left on base; Portland 0 - Memphis 0
BOTTOM OF THE 1ST
Memphis Redbirds batting - Pitching for Portland Privateers : RHP Ray McIntyre
Pitching: RHP Ray McIntyre
Batting: LHB John Lynch 0-0: Foul Ball, location: 2F
0-1: Ball
1-1: Ground out 4-3 (Groundball, 4)
Batting: LHB Milo Powers 0-0: Called Strike
0-1: Ball
1-1: Ball
2-1: Foul Ball, location: 2F
2-2: Ball
3-2: Base on Balls
Batting: LHB Richard Hinkle 0-0: Called Strike
0-1: Ball
1-1: Ball
2-1: Called Strike
2-2: Ball
3-2: Strikes out looking
Batting: SHB Javier Peña 0-0: Swinging Strike
0-1: Foul Ball, location: 2F
0-2: Strikes out swinging
Bottom of the 1st over - 0 runs, 0 hits, 0 errors, 1 left on base; Portland 0 - Memphis 0
TOP OF THE 2ND
Portland Privateers batting - Pitching for Memphis Redbirds : RHP Ray Johnston
Batting: LHB Dillon Beck 0-0: Ball
1-0: Called Strike
1-1: SINGLE (Groundball, 56D)
Batting: SHB Patrick Larson 0-0: Ball
1-0: Ground out U3 (Groundball, 34S)
Dillon Beck to second
Batting: SHB Héctor Jiménez 0-0: Swinging Strike
0-1: Called Strike
0-2: Fly out, F4 (Line Drive, 4)
Batting: SHB José Espinoza 0-0: Ball
1-0: Foul Ball, location: 2F
1-1: Swinging Strike
1-2: Foul Ball, location: 2F
1-2: Foul Ball, location: 2F
1-2: Foul Ball, location: 2F
1-2: Ball
2-2: Foul Ball, location: 2F
2-2: 2-RUN HOME RUN (Flyball, 7LD) (Inside the Park)
Batting: SHB Luis Manuel López 0-0: Ball
1-0: Ball
2-0: Ball
3-0: Called Strike
3-1: Swinging Strike
3-2: Ground out U3 (Groundball, 23)
Top of the 2nd over - 2 runs, 2 hits, 0 errors, 0 left on base; Portland 2 - Memphis 0
BOTTOM OF THE 2ND
Memphis Redbirds batting - Pitching for Portland Privateers : RHP Ray McIntyre
Batting: LHB Yoshiaki Ohayashi 0-0: Ball
1-0: Called Strike
1-1: Foul Ball, location: 2F
1-2: Strikes out swinging
Batting: LHB Al Miller 0-0: Fly out, F7 (Flyball, 7S)
Batting: RHB Félix Gonzáles 0-0: Called Strike
0-1: Ball
1-1: Fly out, F5 (Line Drive, 5S)
Bottom of the 2nd over - 0 runs, 0 hits, 0 errors, 0 left on base; Portland 2 - Memphis 0
TOP OF THE 3RD
Portland Privateers batting - Pitching for Memphis Redbirds : RHP Ray Johnston
Batting: RHB Carlos Castro 0-0: Ball
1-0: Called Strike
SINGLE, but batter called out on appeal for missing first base!
Batting: LHB Yasuhiko Onodera 0-0: Called Strike
0-1: Ball
1-1: Ball
2-1: DOUBLE (Line Drive, 7D)
Batting: SHB Jacob Knapp 0-0: Ball
1-0: SINGLE (Groundball, 6D)
Yasuhiko Onodera to third
Runner from 3rd tries for Home, SAFE, no throw
Batting: RHB José Balina 0-0: Called Strike
0-1: Ball
1-1: Foul Ball, location: 2F
1-2: Ball
2-2: Ball
3-2: Fly out, F8 (Flyball, 89D)
Batting: LHB Dillon Beck 0-0: Foul Ball, location: 2F
0-1: Swinging Strike
0-2: Foul Ball, location: 2F
0-2: Strikes out swinging, 2-3 out at first.
Top of the 3rd over - 1 run, 2 hits, 0 errors, 1 left on base; Portland 3 - Memphis 0
BOTTOM OF THE 3RD
Memphis Redbirds batting - Pitching for Portland Privateers : RHP Ray McIntyre
Batting: SHB Wayne Matthews 0-0: Reached on error, E3 (Groundball, 34)
Batting: RHB Dave Henderson 0-0: Called Strike
0-1: Ball
1-1: Foul Ball, location: 2F
1-2: Ball
2-2: Foul Ball, location: 2F
2-2: Ball
3-2: Foul Ball, location: 2F
3-2: Base on Balls
Wayne Matthews to second
Batting: LHB John Lynch 0-0: Called Strike
0-1: Ball
1-1: Ball
2-1: Foul Ball, location: 2F
2-2: Foul Ball, location: 2F
2-2: Ground out 6-3 (Groundball, 6S)
Wayne Matthews to third
Dave Henderson to second
Batting: LHB Milo Powers 0-0: Ball
1-0: Called Strike
1-1: Swinging Strike
1-2: Strikes out swinging
Batting: LHB Richard Hinkle 0-0: Ball
1-0: Ball
2-0: Called Strike
2-1: Ball
3-1: 3-RUN HOME RUN (Line Drive, 9D), Distance : 361 ft
Batting: SHB Javier Peña 0-0: Foul Ball, location: 2F
0-1: Swinging Strike
0-2: SINGLE (Line Drive, 6D)
Batting: LHB Yoshiaki Ohayashi 0-0: Called Strike
Javier Peña steals 2nd base
0-1: Ball
1-1: Swinging Strike
1-2: Ball
2-2: Ball
3-2: Base on Balls
Batting: LHB Al Miller 0-0: Ball
1-0: Ball
2-0: Ball
3-0: Base on Balls
Javier Peña to third
Yoshiaki Ohayashi to second
Batting: RHB Félix Gonzáles 0-0: Fielders Choice at 2nd, 6-4 (Groundball, 6)
Bottom of the 3rd over - 3 runs, 2 hits, 1 error, 3 left on base; Portland 3 - Memphis 3
TOP OF THE 4TH
Portland Privateers batting - Pitching for Memphis Redbirds : RHP Ray Johnston
Batting: SHB Patrick Larson 0-0: Ground out 5-3 (Groundball, 5)
Batting: SHB Héctor Jiménez 0-0: Called Strike
0-1: Ball
1-1: Ball
2-1: SINGLE (Groundball, 6M) (infield hit)
Batting: SHB José Espinoza 0-0: Called Strike
0-1: Swinging Strike
0-2: Ball
1-2: Ball
2-2: Strikes out swinging
Batting: SHB Luis Manuel López 0-0: Ball
1-0: Swinging Strike
1-1: Swinging Strike
1-2: Strikes out swinging
Top of the 4th over - 0 runs, 1 hit, 0 errors, 1 left on base; Portland 3 - Memphis 3
BOTTOM OF THE 4TH
Memphis Redbirds batting - Pitching for Portland Privateers : RHP Ray McIntyre
Batting: SHB Wayne Matthews 0-0: Called Strike
0-1: Called Strike
0-2: Ball
1-2: Ball
2-2: Strikes out looking
Batting: RHB Dave Henderson 0-0: Ball
1-0: Called Strike
1-1: Called Strike
1-2: Ball
2-2: Ball
3-2: Strikes out swinging
Batting: LHB John Lynch 0-0: Ball
1-0: Ball
2-0: Swinging Strike
2-1: Swinging Strike
2-2: Foul Ball, location: 2F
2-2: Ground out 6-3 (Groundball, 6)
Bottom of the 4th over - 0 runs, 0 hits, 0 errors, 0 left on base; Portland 3 - Memphis 3
TOP OF THE 5TH
Portland Privateers batting - Pitching for Memphis Redbirds : RHP Ray Johnston
Batting: RHB Carlos Castro 0-0: Foul Ball, location: 2F
0-1: Ball
1-1: Swinging Strike
1-2: Ground out U3 (Groundball, 34S)
Batting: LHB Yasuhiko Onodera 0-0: Ball
1-0: Fly out, F4 (Line Drive, 4)
Batting: SHB Jacob Knapp 0-0: Ball
1-0: Ball
2-0: Ball
3-0: Called Strike
3-1: Foul Ball, location: 2F
3-2: DOUBLE (Groundball, 3L)
Batting: RHB José Balina 0-0: Ball
1-0: Foul Ball, location: 2F
1-1: Foul Ball, location: 2F
1-2: Ball
2-2: Fly out, F8 (Flyball, 8RD)
Top of the 5th over - 0 runs, 1 hit, 0 errors, 1 left on base; Portland 3 - Memphis 3
BOTTOM OF THE 5TH
Memphis Redbirds batting - Pitching for Portland Privateers : RHP Ray McIntyre
Pitching: RHP Gabe Lewis
Batting: LHB Milo Powers 0-0: Called Strike
0-1: SOLO HOME RUN (Flyball, 7LD) (Inside the Park)
Batting: LHB Richard Hinkle 0-0: Foul Ball, location: 2F
0-1: Ball
1-1: Ball
2-1: SINGLE (Flyball, 9S)
Batting: SHB Javier Peña 0-0: Ball
1-0: Grounds into double play, 5-4-3 (Groundball, 5L)
Batting: LHB Yoshiaki Ohayashi 0-0: Ball
1-0: Ball
2-0: Swinging Strike
2-1: Swinging Strike
2-2: Ball
3-2: Base on Balls
Batting: LHB Al Miller 0-0: Ball
1-0: Ball
2-0: Called Strike
2-1: Called Strike
2-2: Ball
3-2: Foul Ball, location: 2F
3-2: Foul Ball, location: 2F
3-2: Ground out 4-3 (Groundball, 34)
Bottom of the 5th over - 1 run, 2 hits, 0 errors, 1 left on base; Portland 3 - Memphis 4
TOP OF THE 6TH
Portland Privateers batting - Pitching for Memphis Redbirds : RHP Ray Johnston
Batting: LHB Dillon Beck 0-0: Ball
1-0: Called Strike
1-1: Ball
2-1: Foul Ball, location: 2F
2-2: DOUBLE (Flyball, 78D)
Pitching: RHP Dave Anderson
Batting: SHB Patrick Larson 0-0: Foul Ball, location: 2F
0-1: Ball
1-1: Ball
2-1: Ball
3-1: Base on Balls
Batting: SHB Héctor Jiménez 0-0: Ball
1-0: Called Strike
1-1: Ball
2-1: Ball
3-1: Called Strike
3-2: Ground out 3-1 (Groundball, 3S)
Dillon Beck to third
Patrick Larson to second
Batting: SHB José Espinoza 0-0: Fly out, F3 (Popup, 23F)
Batting: SHB Luis Manuel López 0-0: Foul Ball, location: 2F
0-1: Foul Ball, location: 2F
0-2: Fly out, F3 (Line Drive, 3)
Top of the 6th over - 0 runs, 1 hit, 0 errors, 2 left on base; Portland 3 - Memphis 4
BOTTOM OF THE 6TH
Memphis Redbirds batting - Pitching for Portland Privateers : RHP Gabe Lewis
Batting: RHB Félix Gonzáles 0-0: Called Strike
0-1: Ball
1-1: Ground out 6-3 (Groundball, 6)
Batting: SHB Wayne Matthews 0-0: Foul Ball, location: 2F
0-1: Ball
1-1: TRIPLE (Line Drive, 7LD)
Batting: RHB Dave Henderson 0-0: Ball
1-0: Swinging Strike
Passed Ball!
Wayne Matthews scores
1-1: Swinging Strike
1-2: Strikes out swinging
Batting: LHB John Lynch 0-0: Called Strike
0-1: Swinging Strike
0-2: Ball
1-2: Ball
2-2: Ball
3-2: Fly out, F5 (Popup, 15S)
Bottom of the 6th over - 1 run, 1 hit, 0 errors, 0 left on base; Portland 3 - Memphis 5
TOP OF THE 7TH
Portland Privateers batting - Pitching for Memphis Redbirds : RHP Dave Anderson
Batting: RHB Carlos Castro 0-0: Ball
1-0: Ground out 4-3 (Groundball, 4)
Pitching: LHP Héctor Díaz
Batting: LHB Yasuhiko Onodera 0-0: Foul Ball, location: 2F
0-1: Ball
1-1: Ball
2-1: Foul Ball, location: 2F
2-2: Ball
3-2: Base on Balls
Pitching: LHP Fred Villa
Batting: SHB Jacob Knapp 0-0: Ball
1-0: Ball
2-0: Called Strike
2-1: DOUBLE (Line Drive, 89XD)
Yasuhiko Onodera to third
Batting: RHB José Balina 0-0: Called Strike
0-1: Fly out, F9 (Flyball, 9LD)
Runner from 3rd tags up, OUT at HOME
Top of the 7th over - 0 runs, 1 hit, 0 errors, 1 left on base; Portland 3 - Memphis 5
BOTTOM OF THE 7TH
Memphis Redbirds batting - Pitching for Portland Privateers : RHP Gabe Lewis
Pitching: RHP Gerald Núñez
Batting: LHB Milo Powers 0-0: Ground out U3 (Groundball, 3)
Batting: LHB Richard Hinkle 0-0: Ball
1-0: Ball
2-0: Fly out, F9 (Line Drive, 9LM)
Batting: SHB Javier Peña 0-0: Ball
1-0: Foul Ball, location: 2F
1-1: Ball
2-1: Ground out 3-1 (Groundball, 34S)
Bottom of the 7th over - 0 runs, 0 hits, 0 errors, 0 left on base; Portland 3 - Memphis 5
TOP OF THE 8TH
Portland Privateers batting - Pitching for Memphis Redbirds : LHP Fred Villa
Batting: LHB Dillon Beck 0-0: Ball
1-0: Called Strike
1-1: Ball
2-1: DOUBLE (Flyball, 8LXD)
Batting: SHB Patrick Larson 0-0: Called Strike
0-1: Fly out, F4 (Line Drive, 34)
Batting: SHB Héctor Jiménez 0-0: Swinging Strike
0-1: Swinging Strike
0-2: Ball
1-2: Strikes out looking
Batting: SHB José Espinoza 0-0: Called Strike
0-1: Foul Ball, location: 2F
0-2: Ball
1-2: Fly out, F7 (Line Drive, 7)
Top of the 8th over - 0 runs, 1 hit, 0 errors, 1 left on base; Portland 3 - Memphis 5
BOTTOM OF THE 8TH
Memphis Redbirds batting - Pitching for Portland Privateers : RHP Gerald Núñez
Batting: LHB Yoshiaki Ohayashi 0-0: Called Strike
0-1: Called Strike
0-2: Ball
1-2: SOLO HOME RUN (Flyball, 7LD) (Inside the Park)
Batting: LHB Al Miller 0-0: Foul Ball, location: 2F
0-1: Ball
1-1: Ball
2-1: Fly out, F6 (Line Drive, 6)
Batting: RHB Félix Gonzáles 0-0: Fly out, F9 (Flyball, 9D)
Batting: SHB Wayne Matthews 0-0: Ball
1-0: Ball
2-0: Ball
3-0: Base on Balls
Batting: RHB Dave Henderson 0-0: Called Strike
0-1: Ball
1-1: Ball
2-1: Foul Ball, location: 2F
2-2: Fly out, F7 (Flyball, 7LD)
Bottom of the 8th over - 1 run, 1 hit, 0 errors, 1 left on base; Portland 3 - Memphis 6
TOP OF THE 9TH
Portland Privateers batting - Pitching for Memphis Redbirds : LHP Fred Villa
Pitching: RHP Álex Villegas
Batting: SHB Luis Manuel López 0-0: Called Strike
0-1: Ball
1-1: Swinging Strike
1-2: Strikes out swinging
Batting: RHB Carlos Castro 0-0: Ball
1-0: Called Strike
1-1: Ball
2-1: Ball
3-1: Ground out U3 (Groundball, 34)
Batting: LHB Yasuhiko Onodera 0-0: Called Strike
0-1: Called Strike
0-2: Foul Ball, location: 2F
0-2: Ball
1-2: Ball
2-2: Ball
3-2: Base on Balls
Batting: SHB Jacob Knapp 0-0: Called Strike
0-1: Foul Ball, location: 2F
0-2: Strikes out swinging
Top of the 9th over - 0 runs, 0 hits, 0 errors, 1 left on base; Portland 3 - Memphis 6
Saturday, April 7th, 2018 - OOTP Baseball 18.8 Build 76